Cogmind - Beta 13 @@@ ROGUE MODE // 2024.08.03 @ 03:35:23 Player: petrodigitator Result: Destroyed by H-71 Marshal with Heavy Mass Driver Performance ------------- Evolutions (5) 2500 Regions Visited (7) 1400 Robots Destroyed (35) 175 Value Destroyed (1238) 1238 Prototype IDs (7) 140 Alien Tech Used (0) 0 Bonus (305) 305 TOTAL SCORE: 5758 Bonus ------- Follower Combat Kills 317 Friendly Fire -12 Cogmind --------- Core Integrity 0/1000 Matter 238/300 Energy 99/100 System Corruption 6% Temperature Cool (0) Movement Core (50) Location -5/Factory Parts ------- > --- POWER (2) -------- (None) > --- PROPULSION (4) --- (None) > --- UTILITY (9) ------ Advanced Signal Interpreter > --- WEAPON (2) ------- (None) > --- INVENTORY (5) ---- Light Antimatter Reactor Phase Shifter Light Regenerative Plating Drone Bay (2/2) Chainsword Peak State ------------ > --- POWER ------------ Light Nuclear Core Fission Core > --- PROPULSION ------- Improved Aluminum Leg Improved Aluminum Leg Improved Aluminum Leg > --- UTILITY ---------- Scrap Engine Improved Cooling System Small Storage Unit Advanced Terrain Scanner Terrain Scan Processor Weapon Cycler Light Regenerative Plating > --- WEAPON ----------- Lightning Gun Plasma Rifle > --- INVENTORY -------- Improved Deuterium Engine Light Antimatter Reactor Improved Terrain Scanner Weapon Cycler Drone Bay Drone Bay Lightning Gun [Rating: 64] Favorites ----------- Power Improved Ion Engine Engine Improved Ion Engine Power Core Fission Core Propulsion Improved Aluminum Leg Treads Armored Medium Treads Leg Improved Aluminum Leg Hover Unit Gravmag System Flight Unit Constructs Utility Small Storage Unit Device Seismic Detector Storage Small Storage Unit Processor Terrain Scan Processor Protection Light Regenerative Plating Weapon Lightning Gun Energy Gun Lightning Gun Ballistic Cannon Constructs Launcher Mini Grenade Launcher Impact Weapon Heavy Flail Slashing Weapon Chainsword Build | -11 -10 -9 -9 -9 -7 -6 -5 ------- Run | Yrd Mat Mat Sto Rec Fac Fac Fac Slots Evolved 10 | . . 2 . . 4 2 2 Power 1 | . . . . . . 1 . Propulsion 2 | . . . . . 1 . 1 Utility 7 | . . 2 . . 3 1 1 Weapon . | . . . . . . . . Parts Attached 84 | 8 1 21 18 1 7 22 6 Power 10 | 1 . 1 2 . . 4 2 Engine 5 | 1 . 1 2 . . 1 . Core 5 | . . . . . . 3 2 Reactor . | . . . . . . . . Propulsion 16 | 2 . 5 4 . 1 3 1 Treads 1 | . . . . . . . 1 Leg 12 | 2 . 5 4 . 1 . . Wheel . | . . . . . . . . Hover 1 | . . . . . . 1 . Flight 2 | . . . . . . 2 . Utility 34 | 3 . 11 6 1 4 7 2 Device 28 | 2 . 10 5 . 4 7 . Storage 1 | 1 . . . . . . . Processor 2 | . . 1 . . . . 1 Hackware . | . . . . . . . . Protection 3 | . . . 1 1 . . 1 Artifact . | . . . . . . . . Weapon 24 | 2 1 4 6 . 2 8 1 Energy Gun 17 | 2 1 4 5 . 2 3 . Energy Cannon . | . . . . . . . . Ballistic Gun . | . . . . . . . . Ballistic Cannon . | . . . . . . . . Launcher 2 | . . . 1 . . 1 . Special Weapon . | . . . . . . . . Impact Weapon 1 | . . . . . . 1 . Slashing Weapon 4 | . . . . . . 3 1 Piercing Weapon . | . . . . . . . . Special Melee Weapon . | . . . . . . . . Unidentified Prototypes 4 | . . . 2 . . 2 . Parts Lost 12 | . . 1 1 . . 8 2 Power 3 | . . . . . . 2 1 Propulsion 3 | . . . . . . 3 . Utility 4 | . . . 1 . . 2 1 Weapon 2 | . . 1 . . . 1 . Highest Loss Streak 2 | . . 1 1 . . 2 2 To Critical Strikes . | . . . . . . . . Average Slot Usage (%) 89 | . 100 99 99 100 97 80 19 Engine 7 | . 14 11 11 11 7 2 . Core 2 | . . . . . . 7 2 Leg 19 | . 28 22 22 22 23 16 . Device 22 | . 14 23 21 11 28 25 3 Storage 8 | . 14 11 11 11 7 5 . Processor 6 | . . 9 11 11 7 5 4 Protection 3 | . . . . 10 7 5 1 Energy Gun 16 | . 28 21 21 22 15 8 . Naked Turns . | . . . . . . . . Heaviest Build 39 | 14 14 19 21 24 30 39 36 Greatest Support 39 | 20 20 20 26 26 39 39 27 Greatest Overweight (x) 1 | . . . . . . 1 1 Average Overweight (x) . | . . . . . . . . Largest Inventory Capacity 8 | 8 8 8 8 8 8 8 5 Average Capacity 7 | 7 8 8 8 8 8 7 5 Most Carried 8 | 5 7 8 8 8 8 8 5 Average Carried 6 | 2 6 7 7 7 7 6 4 Final Capacity 8 | 8 8 8 8 8 8 5 5 Final Carried 8 | 5 7 8 8 8 8 4 5 Scrap Engine Consumption 14 | . . . . . . 13 1 Constructs Created 3 | . . . . . . 2 1 Constructs Modified 2 | . . . . . . 1 1 Class Distribution -------------------- 74% | Mutant 25% | Scavenger-Mutant Dominant Class ---------------- Mutant | -10/Materials Scavenger-Mutant | -9/Materials Scavenger-Mutant | -9/Storage Mutant | -9/Recycling Mutant | -7/Factory Mutant | -6/Factory Mutant | -5/Factory Resources | -11 -10 -9 -9 -9 -7 -6 -5 ----------- Run | Yrd Mat Mat Sto Rec Fac Fac Fac Matter Collected 975 | 270 . 215 201 . 75 130 84 Remotely . | . . . . . . . . Salvage Created 1335 | 88 . 547 85 . 104 427 84 Parts 83 | 12 . 27 7 . 7 27 3 Haulers Intercepted . | . . . . . . . . Recyclers Shooed 1 | . . . . . . . 1 Parts Field Recycled . | . . . . . . . . Retrieved Matter . | . . . . . . . . Parts Self-Destructed . | . . . . . . . . Prevented . | . . . . . . . . Kills | -11 -10 -9 -9 -9 -7 -6 -5 ------- Run | Yrd Mat Mat Sto Rec Fac Fac Fac Combat Hostiles Destroyed 28 | . . 12 5 . 2 8 1 Melee 2 | . . . . . . 1 1 Guns 20 | . . 12 2 . . 6 . AOE 5 | . . . 3 . 1 1 . Classes Destroyed 8 | 1 . 4 2 . 1 . . Builder 2 | . . 1 . . . 1 . Tunneler 4 | 4 . . . . . . . Operator 1 | . . . 1 . . . . Swarmer 6 | . . . 3 . . 3 . Grunt 13 | . . 8 1 . . 3 1 Brawler 1 | . . 1 . . . . . Sentry 5 | . . 3 1 . 1 . . Programmer 3 | . . . . . 1 2 . Best Kill Streak 6 | 2 . 4 6 . 1 5 1 Combat Bots Only 5 | . . 3 5 . 1 4 1 Max Kills in Single Turn 3 | 1 . 2 3 . 1 1 1 Gunslinging 1 | . . 1 . . . . . Exploded 2 | . . . 2 . 1 1 . Melee 1 | . . . . . . 1 1 Uniques/NPCs Destroyed . | . . . . . . . . Combat | -11 -10 -9 -9 -9 -7 -6 -5 -------- Run | Yrd Mat Mat Sto Rec Fac Fac Fac Hostile Shots Fired 493 | . . 82 45 . 29 209 128 Missed 177 | . . 20 14 . 11 92 40 Damage Taken 4834 | . . 786 364 . 157 1879 1648 Core 2016 | . . 218 91 . 34 654 1019 Absorbed by Shields . | . . . . . . . . Regen/Repaired (Parts) 177 | . . 20 . . 5 139 13 Core Remaining (%) 68 | 100 100 . . 22 95 23 . Volleys Fired 105 | 13 1 43 14 . 6 28 . Largest 2 | 1 2 2 2 . 2 2 . Hottest 130 | 40 80 105 121 . 110 130 . Shots Fired 188 | 13 2 77 28 . 12 56 . Gun 186 | 13 2 77 26 . 12 56 . Cannon . | . . . . . . . . Launcher 2 | . . . 2 . . . . Special . | . . . . . . . . Kinetic . | . . . . . . . . Thermal 121 | 13 1 77 26 . . 4 . Explosive 2 | . . . 2 . . . . Electromagnetic 65 | . 1 . . . 12 52 . Robot Hit Streak 21 | 3 . 21 7 . 5 9 . Robot Miss Streak 2 | 1 . 2 2 . 2 2 . Penetration Max . | . . . . . . . . Secondary Targets 5 | . . 2 1 . . 2 . Max Gunslinging Chain 1 | . . 1 1 . . 1 . Shots Hit Robots 137 | 10 . 57 15 . 6 44 5 Core Hits 66 | 4 . 26 9 . 2 20 5 Critical Kills . | . . . . . . . . Critical Parts Destroyed . | . . . . . . . . Critical Strikes 5 | . . 3 . . . 2 . Burn 3 | . . 3 . . . . . Corrupt 1 | . . . . . . 1 . Sever 1 | . . . . . . 1 . Melee Attacks 15 | . . . . . . 7 8 Impact 1 | . . . . . . 1 . Slashing 14 | . . . . . . 6 8 Piercing . | . . . . . . . . Sneak Attacks 1 | . . . . . . . 1 Combat Hostiles . | . . . . . . . . Follow-up Attacks . | . . . . . . . . Damage Inflicted 2698 | 114 . 772 476 . 243 871 222 Guns 1841 | 114 . 772 189 . 102 664 . Cannons . | . . . . . . . . Explosions 563 | . . . 285 . 141 137 . Melee 277 | . . . . . . 70 207 Ramming 17 | . . . 2 . . . 15 Kinetic . | . . . . . . . . Thermal 1449 | 114 . 772 189 . 141 233 . Explosive 285 | . . . 285 . . . . Electromagnetic 670 | . . . . . 102 568 . Impact . | . . . . . . . . Slashing 277 | . . . . . . 70 207 Piercing . | . . . . . . . . Highest Corruption 7 | . . . . . . 7 5 Average Corruption 1 | . . . . . . 1 2 Corruption Purged . | . . . . . . . . Corruption Blocked . | . . . . . . . . Effects 7 | . . . . . . 6 1 Message Errors 2 | . . . . . . 2 . Heat Flow Errors 3 | . . . . . . 2 1 Energy Discharges 1 | . . . . . . 1 . Data Loss (minor) 1 | . . . . . . 1 . Overload Shots . | . . . . . . . . Overflow Damage 54 | . . . 8 . . 46 . Projectiles . | . . . . . . . . Explosions 54 | . . . 8 . . 46 . Melee . | . . . . . . . . Knockbacks . | . . . . . . . . Impact . | . . . . . . . . Kinetic . | . . . . . . . . Secondary . | . . . . . . . . Self-Inflicted Damage 6 | . . . . . . . 6 Shots . | . . . . . . . . Rammed 3 | . . . . . . . 3 Targets Rammed 4 | . . . 1 . . . 3 Kicked 1 | . . . 1 . . . . Crushed . | . . . . . . . . Highest Temperature 320 | . 18 . 60 . 10 320 205 Average Temperature 45 | . 12 . 25 . 7 54 49 Received Heat Transfer 1203 | . . 363 150 . 42 243 405 Effects 1 | . . . . . . 1 . Energy Bleed 1 | . . . . . . 1 . Siege Activations . | . . . . . . . . Robots Corrupted 1 | . . . . . 1 . . Combat Hostiles 1 | . . . . . 1 . . Parts Fried 3 | . . . . . 1 2 . Impact Corruptions . | . . . . . . . . Robots Melted . | . . . . . . . . Combat Hostiles . | . . . . . . . . Parts Melted 3 | . . 2 1 . . . . Heat Transferred 3057 | 250 . 1998 459 . 50 300 . Parts Sabotaged . | . . . . . . . . Parts Stolen . | . . . . . . . . Parts Stripped . | . . . . . . . . Power Chain Reactions 2 | . . . . . . 2 . Alert | -11 -10 -9 -9 -9 -7 -6 -5 ------- Run | Yrd Mat Mat Sto Rec Fac Fac Fac Peak Influence 374 | 20 28 337 374 145 182 212 205 Initial 145 | . 13 11 96 145 60 21 103 Average 99 | 9 24 169 180 145 62 51 155 Maximum Alert Level 1 | . . 1 1 . . 1 1 Low Security (%) 82 | 100 100 50 51 100 100 99 92 Level 1 17 | . . 49 48 . . . 7 Level 2 . | . . . . . . . . Level 3 . | . . . . . . . . Level 4 . | . . . . . . . . Level 5 . | . . . . . . . . High Security . | . . . . . . . . Max Security . | . . . . . . . . Squads Dispatched 10 | . 1 2 1 . 1 4 1 Investigation . | . . . . . . . . Extermination 2 | . . . . . 1 1 . Reinforcement 8 | . 1 2 1 . . 3 1 Assault . | . . . . . . . . Garrison . | . . . . . . . . Intercept . | . . . . . . . . Searches Triggered . | . . . . . . . . Construction Impeded . | . . . . . . . . Haulers Reinforced . | . . . . . . . . Active Scanning Responses . | . . . . . . . . Cargo Convoy Interrupts . | . . . . . . . . Stealth | -11 -10 -9 -9 -9 -7 -6 -5 --------- Run | Yrd Mat Mat Sto Rec Fac Fac Fac Distress Signals 5 | . . 3 2 . . . . Communications Jammed . | . . . . . . . . Distress Signals . | . . . . . . . . Times Spotted 94 | . 1 22 18 . 2 37 14 Peak Tracking Total 14 | . 1 5 7 . 1 14 8 Tactical Retreats 9 | . . . . . . 7 2 Traps | -11 -10 -9 -9 -9 -7 -6 -5 ------- Run | Yrd Mat Mat Sto Rec Fac Fac Fac Traps Triggered 1 | . . 1 . . . . . Indirectly . | . . . . . . . . Trap Hack Attempts . | . . . . . . . . Triggered . | . . . . . . . . Disarmed 6 | . . . . . 6 . . Reprogrammed . | . . . . . . . . Reused . | . . . . . . . . Traps Extracted . | . . . . . . . . Installed . | . . . . . . . . Triggered . | . . . . . . . . Machines | -11 -10 -9 -9 -9 -7 -6 -5 ---------- Run | Yrd Mat Mat Sto Rec Fac Fac Fac Machines Disabled 7 | . . . 2 . 4 1 . Max in Single Turn 4 | . . . . . 4 1 . Machines Repaired . | . . . . . . . . Machines Dismantled . | . . . . . . . . Machines Sabotaged . | . . . . . . . . Overloaded Fab Kills . | . . . . . . . . Hacking | -11 -10 -9 -9 -9 -7 -6 -5 --------- Run | Yrd Mat Mat Sto Rec Fac Fac Fac Machines Accessed 15 | . 1 7 3 . 2 2 . Terminals 12 | . 1 5 3 . 2 1 . Fabricators . | . . . . . . . . Repair Stations 1 | . . 1 . . . . . Recycling Units . | . . . . . . . . Scanalyzers 2 | . . 1 . . . 1 . Garrison Access . | . . . . . . . . Total Hacks 30 | . 3 17 3 . 3 4 . Successful 13 | . 1 7 2 . 1 2 . Failed 17 | . 2 10 1 . 2 2 . Catastrophic 4 | . . 4 . . . . . Database Lockouts . | . . . . . . . . Manual 8 | . . 5 . . 3 . . Terminals 22 | . 3 12 3 . 3 1 . Fabricators . | . . . . . . . . Repair Stations 3 | . . 3 . . . . . Recycling Units . | . . . . . . . . Scanalyzers 5 | . . 2 . . . 3 . Garrison Access . | . . . . . . . . Terminal Hacks 7 | . 1 3 2 . 1 . . Robot Analysis 2 | . . 1 1 . . . . Open Door 1 | . . . 1 . . . . Disarm Traps 1 | . . . . . 1 . . Transport Status 1 | . . 1 . . . . . Hauler Manifests 2 | . 1 1 . . . . . Fabricator Hacks . | . . . . . . . . Repair Station Hacks 2 | . . 2 . . . . . Scan Component 1 | . . 1 . . . . . Repair 1 | . . 1 . . . . . Recycling Unit Hacks . | . . . . . . . . Scanalyzer 4 | . . 2 . . . 2 . Insert Component 2 | . . 1 . . . 1 . Analyze 2 | . . 1 . . . 1 . Garrison Access Hacks . | . . . . . . . . Unauthorized Hacks . | . . . . . . . . Terminals . | . . . . . . . . Fabricators . | . . . . . . . . Repair Stations . | . . . . . . . . Recycling Units . | . . . . . . . . Scanalyzers . | . . . . . . . . Garrison Access . | . . . . . . . . Data Cores Recovered . | . . . . . . . . Used . | . . . . . . . . Hacking Detections 9 | . 1 4 2 . 1 1 . Full Trace Events . | . . . . . . . . Feedback Events . | . . . . . . . . Feedback Blocked . | . . . . . . . . Robot Schematics Acquired . | . . . . . . . . Robots Built . | . . . . . . . . Authchips . | . . . . . . . . Time . | . . . . . . . . Total Robot Build Rating . | . . . . . . . . Part Schematics Acquired 2 | . . 1 . . . 1 . Parts Built . | . . . . . . . . Authchips . | . . . . . . . . Time . | . . . . . . . . Total Part Build Rating . | . . . . . . . . Parts Repaired 1 | . . 1 . . . . . Time 38 | . . 38 . . . . . Parts Recycled . | . . . . . . . . Recycled Matter . | . . . . . . . . Retrieved Matter . | . . . . . . . . Retrieved Components . | . . . . . . . . Parts Scanalyzed 2 | . . 1 . . . 1 . Part Schematics Acquired 2 | . . 1 . . . 1 . Parts Damaged 1 | . . . . . . 1 . Bothacking | -11 -10 -9 -9 -9 -7 -6 -5 ------------ Run | Yrd Mat Mat Sto Rec Fac Fac Fac Used RIF Installer . | . . . . . . . . Robots Hacked . | . . . . . . . . Non-combat . | . . . . . . . . Combat . | . . . . . . . . Robot Hacks Applied . | . . . . . . . . Relay Couplers Released . | . . . . . . . . Fabnet Peak Effective % . | . . . . . . . . Robots Rewired . | . . . . . . . . Allies Hacked . | . . . . . . . . Hacks Repelled . | . . . . . . . . Allies | -11 -10 -9 -9 -9 -7 -6 -5 -------- Run | Yrd Mat Mat Sto Rec Fac Fac Fac Total Allies 1 | . . . 1 . . . . Largest Group 1 | . . . 1 1 . . . Highest-Rated Group 100 | . . . 100 100 . . . Highest-Rated Ally 100 | . . . 100 100 . . . Total Orders . | . . . . . . . . Ally Attacks 17 | . . . 17 . . . . Total Damage 511 | . . . 511 . . . . Kills 11 | . . . 11 . . . . Allies Corrupted . | . . . . . . . . Allies Melted . | . . . . . . . . Intel | -11 -10 -9 -9 -9 -7 -6 -5 ------- Run | Yrd Mat Mat Sto Rec Fac Fac Fac Robot Analysis Total 2 | . . 1 1 . . . . Derelict Logs Recovered . | . . . . . . . . Drone Launches . | . . . . . . . . Drone Recoveries . | . . . . . . . . Exploration | -11 -10 -9 -9 -9 -7 -6 -5 ------------- Run | Yrd Mat Mat Sto Rec Fac Fac Fac Turns Passed 3895 | 176 374 618 738 152 491 1178 168 Spaces Moved 2555 | 105 298 270 347 119 270 904 242 Core 270 | 3 . . . . . 120 147 Treads 10 | . . . . . . . 10 Legs 2080 | 102 298 270 347 119 270 674 . Wheels . | . . . . . . . . Hover 60 | . . . . . . 60 . Flight 135 | . . . . . . 50 85 Fastest Speed 40 | 50 120 120 120 120 120 40 40 Average Speed 107 | 118 120 120 120 120 120 103 54 Slowest Speed 250 | 120 120 120 120 120 120 190 250 Overloaded Moves . | . . . . . . . . Propulsion Burnouts . | . . . . . . . . Robots Hopped 3 | . . . . . . 1 2 Cave-ins Triggered . | . . . . . . . . Exploration Rate (%) 25 | 4 41 29 63 33 8 19 10 Regions Visited 7 Branch Regions 2 Pre-discovered Areas . | . . . . . . . . Known Exits Taken . | . . . . . . . . Unknown Exits Taken 7 | 1 1 1 1 1 1 1 . Scrap Searched . | . . . . . . . . Spaces Dug 16 | . . . 13 . . 2 1 Terrain Destroyed 70 | . . . 26 . 34 9 1 Melee 3 | . . . . . . 2 1 Projectile . | . . . . . . . . AOE 67 | . . . 26 . 34 7 . Terrain Rammed . | . . . . . . . . Walls Destroyed . | . . . . . . . . Machines Disabled . | . . . . . . . . Actions | -11 -10 -9 -9 -9 -7 -6 -5 --------- Run | Yrd Mat Mat Sto Rec Fac Fac Fac Total 3510 | 141 312 489 643 128 427 1105 265 Wait 646 | 10 10 135 242 6 139 104 . Move 2542 | 104 297 269 346 118 269 901 238 Hop 3 | . . . . . . 1 2 Pick Up 34 | 6 2 8 6 1 3 8 . Fast Attach 25 | 5 1 1 2 . 3 9 4 Attach 22 | 2 . 3 2 . 3 10 2 Detach 14 | . . . 1 . . 10 3 Swap 37 | 1 . 17 14 1 1 3 . Drop 63 | . 1 13 15 2 3 24 5 Fire 105 | 13 1 43 14 . 6 28 . Melee 15 | . . . . . . 7 8 Ram 3 | . . . . . . . 3 Kick 1 | . . . 1 . . . . Crush . | . . . . . . . . Escape Stasis . | . . . . . . . . Rewire . | . . . . . . . . Trap . | . . . . . . . . Miscellaneous . | . . . . . . . . Route ------- -11/Scrapyard -10/Materials -9/Materials (discovered 2 exits: [Min] / *Sto) -9/Storage (discovered 2 exits: [Mat] / [*Rec]) -9/Recycling -7/Factory -6/Factory -5/Factory History --------- Turn | Location | Event 4 | -11/Scrapyard | Discovered new exit (range 16) 177 | -11/Scrapyard | Entered Materials 311 | -10/Materials | Build established: Mutant 524 | -10/Materials | Discovered new exit (range 6) 551 | -10/Materials | Entered another Materials area 551 | -9/Materials | Evolved 2 slots: Utility x2 925 | -9/Materials | Core integrity fell below 50% 1037 | -9/Materials | Discovered new exit (range 15) 1059 | -9/Materials | Discovered new exit (range 14) 1087 | -9/Materials | Repaired Imp. Terrain Scanner 1169 | -9/Materials | Entered Storage 1190 | -9/Storage | Found Prototype Protection 1191 | -9/Storage | Identified Lgt. Regenerative Plating 1234 | -9/Storage | Build established: Scavenger-Mutant 1512 | -9/Storage | Met 01-MTF 1699 | -9/Storage | Discovered new exit (range 16) 1884 | -9/Storage | Discovered new exit (range 13) 1907 | -9/Storage | Entered Recycling 1907 | -9/Recycling | Accompanied by 1 ally (01-MTF) 1912 | -9/Recycling | 01-MTF left 1914 | -9/Recycling | Found Scrap Engine 2036 | -9/Recycling | Discovered new exit (range 16) 2059 | -9/Recycling | Entered Factory 2059 | -7/Factory | Evolved 4 slots: Propulsion x1, Utility x3 2146 | -7/Factory | Build established: Mutant 2524 | -7/Factory | Discovered new exit (range 14) 2550 | -7/Factory | Entered another Factory area 2550 | -6/Factory | Evolved 2 slots: Power x1, Utility x1 3138 | -6/Factory | Spotted B-75 Beast 3710 | -6/Factory | Core integrity fell below 50% 3718 | -6/Factory | Discovered new exit (range 14) 3728 | -6/Factory | Entered another Factory area 3728 | -5/Factory | Evolved 2 slots: Propulsion x1, Utility x1 3875 | -5/Factory | Core integrity fell below 50% 3893 | -5/Factory | Core integrity fell below 20% 3896 | -5/Factory | Destroyed by H-71 Marshal with Heavy Mass Driver Last Messages --------------- 03813_ R-10 Processor collects Lgt. Antimatter Reactor. 03815_ Dropped Neutrino Core. 03816_ Dropped Arm. Medium Treads. 03816_ R-10 Processor collects Arm. Medium Treads. 03817_ Sneak attack on R-10 Processor. 03817_ G-50 Soldier destroyed. 03817_ R-10 Processor collects Hvy. Laser. 03819_ Triangulator destroyed. 03826_ R-10 Processor collects Field Laser. 03830_ Slammed into U-05 Engineer. 03832_ Destabilizing: System corrupted (+2). 03854_ System corrupted: Heat flow error (+245). 03863_ Slammed into S-27 Virus. 03884_ Slug penetrates Subcomponent Replicator. 03885_ Penetrated by Slug. 03887_ Subcomponent Replicator disabled. 03887_ Slug penetrates Wall. 03887_ Penetrated by Slug. Map ----- +----------------------------------------------------+ | ?????????????????????????????????????????????????? | | ?????????????????????????????????????????????????? | | ?????????????????????????????????????????????????? | | ?????????????????????????????????????????????????? | | ?????????????????????????????????????????????????? | | ?????????????????????????????????????????????????? | | ?????????????????????????????????????????????????? | | ?????????????????????????????????????????????????? | | ?????????????????????????????????????????????????? | | ?????????????????????????????????????????????????? | | ?????????????????????????????????????????????????? | | ?????????????????????????????????????????????????? | | ?????????????????????????????????????????????????? | | ?????????????????????????????????????????????????? | | ?????????????????????????#???????????????????????? | | ###+####??????????#????? #???????????????????????? | | #??????????# ?""" #???????????????????????? | | #??????????# """" #?????????? ????????????? | | #??????????# """" #????????? ????????????? | | #??????????# """" #??????? ?H????????? | | #??????????# """" #?????? ??????????? | | #####??????# #????? ?????????? | | #"""#??????# #??? ???????????? | | #"T"#???????? ??? #??????????????? | | #" "###########+#### #??????????????? | | u @ #??????????????? | | s p #??????????????? | | s % #??????????????? | | "" " "" #??????????????? | | "" "" "" #??????????????? | | """ """ """ #??????????????? | | """ """ """ #??????????????? | | """ """ """ ##########??????????????? | | #???????????????????????? | | "" "" "" #???????????????????????? | | "" "" "" #???????????????????????? | | """ """ """ #???????????????????????? | | """ """ """ #???????????????????????? | | """ """ """ #???????????????????????? | | #???????????????????????? | | "" "" "" #???????????????????????? | | "" "" "" ##########???????????????????????? | | """ """ """ ##############???????????????????? | | """ """ """ # #???????????????????? | | """ """ """ # #???????????????????? | | + #???????????????????? | | # """ """ #???????????????????? | | # """ """ #???????????????????? | | # """ """ #???????????????????? | | # #???????????????????? | +----------------------------------------------------+ Best States ------------- Heat Dissipation 64 Energy Generation 33 Energy Capacity 530 Matter Stores 300 Matter Capacity 300 Sight Range 16 Terrain Scan Range 20 Terrain Scan Density 85 Cloak Strength 2 Armor Coverage 150 Weapon Cycling 30 Evasion (%) 62 Recoil Reduction 1 Item Schematics ----------------- Imp. Terrain Scanner | -9/Materials | Scanalyzed Hpw. Shock Rifle | -6/Factory | Scanalyzed Robot Schematics ------------------ None Fabricated ------------ Nothing Alien Tech Used ----------------- None Achievements -------------- \\IAMDERELICT Challenges ------------ None Game ------ Seed ShadeDrainedRay Manual? 0 Play Time 02:05:04 Cumulative 69.6 hours Start 2024.08.03 @ 01:24:52 End 2024.08.03 @ 03:35:23 Sessions 1 Manual Loads 0 Difficulty Rogue Special Mode None Game No. 38 Rogue 36 Adventurer 0 Explorer 2 Win Type - Total 1 Types 1/0/0/0/0/0/0/0/0 Lore% 34 Gallery% 43 Achievement% 35 Wizard Run 0 Options --------- Layout 2 ASCII 0 Keyboard 0 Movement Mouse Keybinds 0 Fullscreen 1 Font 24/Smallcaps Map View 50x44 Zoom Use 0% Tactical HUD 1 Map Filters NONE Filters NONE Steam 1 RUN: 9516eada-8c68-4c87-b0ed-f8fff6a6dde5